 Dungeon Crawl Stone Soup version 0.31-a0-149-g3fdcc5976a (webtiles) character file.

Game seed: 14156320277028433954

11 sokol815 the Sneak (level 2, -2/20 HPs)
             Began as an Octopode Brigand on June 7, 2023.
             Slain by a rat (3 damage)
             ... on level 1 of the Dungeon.
             The game lasted 00:00:55 (226 turns).

sokol815 the Sneak (Octopode Brigand)                Turns: 226, Time: 00:00:55

Health: -2/20      AC:  1    Str: 10    XL:     2   Next: 29%
Magic:  2/2        EV: 12    Int: 13    God:
Gold:   19         SH:  0    Dex: 13    Spells: 1/1 levels left

rFire   . . .        g - +0 mace (protect)
rCold   . . .        (no shield)
rNeg    . . .        (helmet restricted)
rPois   .            (no amulet)
rElec   .            (no ring)
rCorr   .            (no ring)
SInv    .            (no ring)
Will    .....        (no ring)
Stlth   ++++         (no ring)
HPRegen 0.23/turn    (no ring)
MPRegen 0.08/turn    (no ring)
                     (no ring)

%: no passive effects
@: no status effects
A: almost no armour, amphibious, 8 rings, camouflage 1, gelatinous body 1,
(nimble swimmer 1), tentacles
a: no special abilities


You were on level 1 of the Dungeon.
You visited 1 branch of the dungeon, and saw 1 of its levels.

You collected 19 gold pieces.

Inventory:

Hand Weapons
 a - a +2 dagger
 g - a +0 mace of protection (weapon)
   (You found it on level 1 of the Dungeon)
Missiles
 b - 9 poisoned darts
 c - 3 curare-tipped darts
 s - 14 stones
Scrolls
 d - a scroll of poison {unknown}
 f - a scroll of teleportation {unknown}
Potions
 e - a potion of curing {unknown}


   Skills:
 + Level 2.4 Fighting
 - Level 2.0 Short Blades
 - Level 2.0 Throwing
 - Level 1.0 Dodging
 + Level 5.7 Stealth


You had one spell level left.
You didn't know any spells.
Your spell library was empty.

Dungeon Overview and Level Annotations

Branches:
Dungeon (1/15) Zot: 5768

Altars:


Innate Abilities, Weirdness & Mutations

You cannot wear most types of armour.
You are amphibious.
You can wear up to eight rings at the same time.
Your skin changes colour to match your surroundings (Stealth+).
Your rubbery body absorbs attacks. (AC +1, EV +1)
((You are camouflaged when in or above water. (Stealth+)))
You have tentacles for arms and can constrict up to eight enemies at once.


Message History

You impale the ball python!!
You kill the ball python!
You see here a ball python corpse.
There is a stone staircase leading down here.
f - a scroll labelled RONLUSM GUTE An endoplasm and a dart slug come into view.
A quokka comes into view.
You see here a +0 mace of protection.
g - a +0 mace of protection You see here 8 gold pieces.
A goblin comes into view. It is wielding a +0 dagger.
The quokka bites you. x2
You take 4 damage, and have 10/14 hp.
MASSIVE DAMAGE!!
You closely miss the quokka. Your grab misses the quokka.
You squeeze the quokka, but do no damage.
The quokka bites you.
You take 4 damage, and have 6/14 hp.
MASSIVE DAMAGE!!
Your +0 mace of protection hums with potential!
g - a +0 mace of protection (weapon)
You hit the quokka.
Your weapon exudes an aura of protection.
Your grab misses the quokka. Your squeeze misses the quokka.
The quokka bites you. The quokka barely misses you.
You sock the quokka!
You kill the quokka!
You have reached level 2!
You regained 3 hp, and now have 9/20 hp.
MP restored: 2 You see here a quokka corpse.
You start resting.
Health restored: 20 You see here a quokka corpse.
The goblin shouts!
You hear an angry hiss.
The dart slug launches a dart at you. The slug dart misses you.
A rat comes into view.
A giant cockroach comes into view.
A ball python comes into view.
The ball python moves out of view.
You closely miss the goblin. You grab the goblin. You constrict the goblin.
The goblin misses you. The goblin closely misses you.
You hit the goblin.
Your weapon exudes an aura of protection.
You constrict the goblin.
You kill the goblin!
The ball python completely misses you. The ball python misses you.
You closely miss the ball python. Your grab misses the ball python.
Your squeeze misses the ball python. The ball python barely misses you.
The ball python completely misses you.
You closely miss the ball python. You grab the ball python.
You tentacle-slap the ball python.
You kill the ball python!
The dart slug launches a dart at you. The slug dart hits you.
You take 2 damage, and have 18/20 hp.
The dart slug launches a dart at you. The slug dart hits you.
Things that are here:
a +0 dagger; a ball python corpse; a goblin corpse You take 5 damage, and have 13/20 hp.
MASSIVE DAMAGE!!
You sock the dart slug!
Your weapon exudes an aura of protection.
You grab the dart slug.
You constrict the dart slug, but do no damage.
The dart slug launches a dart at you.
The slug dart hits you but does no damage.
You hit the dart slug.
You kill the dart slug!
You start resting.
A kobold comes into view. It is wielding a +0 club.
The kobold hits you with a +0 club.
You take 1 damage, and have 15/20 hp.
You closely miss the kobold. Your grab misses the kobold.
Your squeeze misses the kobold. The kobold hits you with a +0 club.
You take 1 damage, and have 14/20 hp.
You barely miss the kobold. Your grab misses the kobold.
The kobold hits you with a +0 club. The rat bites you.
The giant cockroach closely misses you.
You take 5 damage, and have 9/20 hp.
MASSIVE DAMAGE!!
You barely miss the kobold. Your grab misses the kobold.
The kobold hits you with a +0 club. The rat bites you but does no damage.
The giant cockroach bites you.
* * * LOW HITPOINT WARNING * * *
The kobold barely misses you. The rat bites you.
* * * LOW HITPOINT WARNING * * *
You take 5 damage, and have 4/20 hp.
MASSIVE DAMAGE!!
You closely miss the kobold. Your grab misses the kobold.
The giant cockroach barely misses you. The kobold hits you with a +0 club.
* * * LOW HITPOINT WARNING * * *
The rat barely misses you. The giant cockroach barely misses you.
You take 1 damage, and have 3/20 hp.
You barely miss the kobold. Your grab misses the kobold.
You squeeze the kobold. The kobold hits you with a +0 club.
* * * LOW HITPOINT WARNING * * *
The rat bites you.
You die...

####...######........
##........ ..#.#.... .
...#...# #.#.#?.##(#
#......# #.#........
#####.###..####)#....#
.............†......$#
#####.#########.#..###
####.#.########.rB##
##..###.>....##.@##
##.#.#†#####.##.K##
##†##.######......#
...##............##
#..#############.#
#..# #.# #.## #.# ..#
#.# ### ).


You could see a giant cockroach, a kobold and a rat.

Vanquished Creatures
  A dart slug (D:1)
  2 ball pythons (D:1)
  A giant cockroach (D:1)
  A goblin (D:1)
  A kobold (D:1)
  2 quokkas (D:1)
8 creatures vanquished.

Notes
Turn   | Place    | Note
-------+----------+-------------------------------------------
     0 | D:1      | sokol815 the Octopode Brigand began the quest for the Orb.
     0 | D:1      | Reached XP level 1. HP: 14/14 MP: 1/1
    92 | D:1      | Found a faded altar of an unknown god.
   148 | D:1      | Reached XP level 2. HP: 9/20 MP: 2/2
   224 | D:1      | HP: 4/20 [rat (2)]
   226 | D:1      | HP: 1/20 [kobold/+0 club (2)]
   226 | D:1      | Slain by a rat

Illustrated notes

Levels and vault maps discovered:
D:1:      elethiomel_arrival_quiet, layout_loops_ring,
          shapermc_ecumenical_altar_petra, kennysheep_flooded_box

Action                     || total
---------------------------++-------
  Melee: Dagger            ||     6
         Mace              ||    13
         Constrict         ||     4
         Tentacles         ||     2
         Punch             ||     1
   Stab: Sleeping          ||     3
 Armour: Skin              ||     2
  Dodge: Dodged            ||    15

Table legend: (Time is in decaauts)
 A = Elapsed time spent in this place.
 B = Non-inter-level travel time spent in this place.
 C = Inter-level travel time spent in this place.
 D = Time resting spent in this place.
 E = Time spent auto-exploring this place.
 F = Levels seen in this place.
 G = Mean time per level.
                   A        B        C        D        E       F      G
               +--------+--------+--------+--------+--------+-----+--------+
         Total |    229 |    229 |      0 |     49 |    114 |   1 |  229.0 |
       Dungeon |    229 |    229 |      0 |     49 |    114 |   1 |  229.0 |
               +--------+--------+--------+--------+--------+-----+--------+

Top non-repeatable levels by time:
     D:1: 229 daAuts

Levels and vault maps discovered:
D:1:      elethiomel_arrival_quiet, layout_loops_ring,
          shapermc_ecumenical_altar_petra, kennysheep_flooded_box

Table legend: (Time is in decaauts)
 A = Elapsed time spent in this place.
 B = Non-inter-level travel time spent in this place.
 C = Inter-level travel time spent in this place.
 D = Time resting spent in this place.
 E = Time spent auto-exploring this place.
 F = Levels seen in this place.
 G = Mean time per level.
                   A        B        C        D        E       F      G
               +--------+--------+--------+--------+--------+-----+--------+
         Total |    229 |    229 |      0 |     49 |    114 |   1 |  229.0 |
       Dungeon |    229 |    229 |      0 |     49 |    114 |   1 |  229.0 |
               +--------+--------+--------+--------+--------+-----+--------+

Top non-repeatable levels by time:
     D:1: 229 daAuts

Table legend:
 A = Kills in this place as a percentage of kills in the entire game.
 B = Kills by you in this place as a percentage of kills by you in the entire game.
 C = Kills by friends in this place as a percentage of kills by friends in the entire game.
 D = Other kills in this place as a percentage of other kills in the entire game.
 E = Experience gained in this place as a percentage of experience gained in the entire game.
 F = Experience gained in this place divided by the number of levels of this place that you have seen.
                   A       B       C       D       E      F
               +-------+-------+-------+-------+-------+----------------------
         Total | 100.0 | 100.0 |   N/A |   N/A | 100.0 |  17.0
       Dungeon | 100.0 | 100.0 |   N/A |   N/A | 100.0 |  17.0
               +-------+-------+-------+-------+-------+----------------------
